 Dungeon Crawl Stone Soup version 0.29.1-12-g30fa7ad0bf (webtiles) character file.

Game seed: 12529185946938473173

57 retardedninja the Conjurer (level 3, -2/19 HPs)
             Began as a Deep Elf Conjurer on Dec 12, 2022.
             Slain by a gnoll
             ... wielding a +0 halberd
              (15 damage)
             ... on level 1 of the Dungeon.
             The game lasted 00:02:28 (2174 turns).

retardedninja the Conjurer (Deep Elf Conjurer)      Turns: 2174, Time: 00:02:29

Health: -2/19      AC:  2    Str:  4    XL:     3   Next: 73%
Magic:  8/10       EV: 12    Int: 24    God:
Gold:   37         SH:  0    Dex: 13    Spells: 8/9 levels left

rFire   . . .      SeeInvis .   (no weapon)
rCold   . . .      Faith    .   (no shield)
rNeg    . . .      Spirit   .   a - +0 robe
rPois   .          Reflect  .   (no helmet)
rElec   .          Harm     .   (no cloak)
rCorr   .          Rampage  .   (no gloves)
Will    .....                   (no boots)
Stlth   ++........              (no amulet)
HPRegen 0.06/turn               (no ring)
MPRegen 0.12/turn               (no ring)

@: no status effects
A: no striking features
a: no special abilities


You were on level 1 of the Dungeon.
You visited 1 branch of the dungeon, and saw 2 of its levels.

You collected 37 gold pieces.

Inventory:

Armour
 a - a +0 robe (worn)
Jewellery
 e - a +6 ring of dexterity
Scrolls
 c - 3 scrolls of identify {unknown}
 g - a scroll of butterflies {unknown}
Potions
 b - a potion of magic
 f - a potion of curing


   Skills:
 + Level 2.7 Dodging
 + Level 2.6 Stealth
 + Level 3.7 Spellcasting
 + Level 5.4 Conjurations


You had 8 spell levels left.
You knew the following spells:

 Your Spells              Type           Power      Damage    Failure   Level
a - Magic Dart            Conj           100%       1d8       1%          1

Your spell library contained the following spells:

 Spells                   Type           Power      Damage    Failure   Level
 Searing Ray              Conj           60%        2d6       1%          2
 Dazzling Flash           Conj/Hex       34%        N/A       10%         3
 Ensorcelled Hibernation  Hex/Ice        8%         N/A       16%         2
 Passwall                 Tmut/Erth      3%         N/A       16%         2
 Swiftness                Air            4%         N/A       30%         3
 Fulminant Prism          Conj/Hex       8%         3d7       32%         4
 Iskenderun's Mystic Bla  Conj/Tloc      17%        2d5       32%         4


Dungeon Overview and Level Annotations

Branches:
Dungeon (2/15)

Altars:


Message History

The gnoll is heavily wounded.
The gnoll barely misses you.
The magic dart hits the gnoll.
The gnoll is almost dead.
The gnoll barely misses you.
The magic dart hits the gnoll.
You kill the gnoll!
You start resting.
HP restored.
You start resting.
Magic restored.
You start waiting.
Done waiting.
You start waiting.
Done waiting.
You climb downwards.
The gnoll hits you with a +0 halberd!
There is a stone staircase leading up here.
You see here a throwing net.
Unknown command.
The gnoll closely misses you. x2
You climb upwards.
There is a stone staircase leading down here.
It was a potion of curing.
You feel better. The gnoll completely misses you.
The gnoll hits you from afar with a +0 halberd.
The magic dart hits the gnoll.
The gnoll is moderately wounded.
The gnoll closely misses you. The gnoll barely misses you.
The magic dart hits the gnoll.
The gnoll is heavily wounded.
The gnoll misses you.
The gnoll hits you from afar with a +0 halberd.
You are too injured to fight recklessly!
You are too injured to fight recklessly!
You are too injured to fight recklessly!
You feel better. The gnoll barely misses you. The gnoll closely misses you.
It was a potion of cancellation.
You feel magically purged. The gnoll completely misses you.
The gnoll hits you from afar with a +0 halberd!
Ouch! That really hurt!
You die...

#.........#+##.
#.#####.###.##.
#..............
#..######.#####
#.......#.#
#..####.#.#####
##..#..........#
###...#.#.##.###.#
#@g...............
###g....####......
#....## ##'####.
#....# #....##.
#....# #....'..
#....# #....###
#....# #.)..#
#....# #....#
#....# #....#


You could see 2 gnolls.

Vanquished Creatures
  A gnoll (D:1)
  A worm (D:2)
  2 dart slugs (D:1)
  6 bats
  4 endoplasms
  2 giant cockroaches (D:1)
  2 goblins
  4 hobgoblins (D:1)
  2 jackals (D:2)
  4 kobolds (D:1)
  4 quokkas
  2 ball pythons (D:1)
  A frilled lizard (D:1)
  2 rats
37 creatures vanquished.

Notes
Turn   | Place    | Note
-------+----------+-------------------------------------------
     0 | D:1      | retardedninja the Deep Elf Conjurer began the quest for the
                  | Orb.
     0 | D:1      | Reached XP level 1. HP: 10/10 MP: 6/6
   198 | D:1      | Reached XP level 2. HP: 15/15 MP: 5/8
   320 | D:1      | Reached skill level 5 in Conjurations
   770 | D:1      | Reached XP level 3. HP: 19/19 MP: 6/9
  2174 | D:1      | Slain by a gnoll

Illustrated notes

Levels and vault maps discovered:
D:1:      dpeg_arrival_windows_large_door, layout_basic,
          minmay_misc_feat_four_crosses
D:2:      layout_rooms

Skill      XL: |  1  2 |
---------------+-------+-----
Conjurations   | 5 |  5.4
Dodging        | |  2.7
Stealth        | |  2.6
Spellcasting   | |  3.7

Action                   || total
-------------------------++-------
Melee: Unarmed           ||     5
 Cast: Magic Dart        ||    80
  Use: Potion            ||     3
Armor: Robe              ||     2
Dodge: Dodged            ||    24
